 Dungeon Crawl Stone Soup version 0.26.0-10-g1f06aea511 (webtiles) character file.

Game seed: 5323387765106368182

946 EnegeticOcto the Cleaver (level 7, -6/61 HPs)
             Began as a Deep Dwarf Delver on Jan 14, 2021.
             Was a Follower of Ru.
             Mangled by a small abomination (11 damage)
             ... on level 7 of the Dungeon.
             The game lasted 00:11:58 (1365 turns).

EnegeticOcto the Cleaver (Deep Dwarf Delver)        Turns: 1365, Time: 00:11:58

Health: -6/61      AC: 12    Str: 17    XL:     7   Next: 89%
Magic:  1/1 (3)    EV:  7    Int: 11    God:    Ru [*.....]
Gold:   146        SH:  0    Dex: 14    Spells: 13/13 levels left

rFire    . . .     SeeInvis +   g - +0 demon whip (antimagic)
rCold    . . .     Faith    .   (no shield)
rNeg     . . .     Spirit   .   z - +0 chain mail
rPois    .         Reflect  .   (no helmet)
rElec    .         Harm     .   (no cloak)
rCorr    .         Rampage  .   (no gloves)
Will     +....                  (no boots)
Stlth    ..........             (no amulet)
HPRegen  0.00/turn              n - +4 ring of protection
MPRegen  0.07/turn              y - ring of see invisible

@: no scrolls, non-regenerating
A: damage resistance, heal wounds, sense surroundings 1, inability to read while
threatened, no regeneration
a: Heal Wounds, Renounce Religion


You were on level 7 of the Dungeon.
You worshipped Ru.
Ru was aware of your devotion.
You visited 2 branches of the dungeon, and saw 5 of its levels.
You also visited: Ossuary.

You collected 146 gold pieces.

Inventory:

Hand Weapons
 a - a +0 hand axe
 g - a +0 antimagic demon whip (weapon)
 k - a +0 great sword
 B - the +5 whip "Asimocwe" {vorpal, Str+6 Int+2 Dex-3}
   (You found it on level 6 of the Dungeon)

   It inflicts extra damage upon your enemies.
   It affects your strength (+6).
   It affects your intelligence (+2).
   It affects your dexterity (-3).
Missiles
 x - 13 poisoned darts
Armour
 b - a +0 leather armour
 d - a +0 ring mail
 z - a +0 chain mail (worn)
Jewellery
 n - a +4 ring of protection (left hand)
 y - a ring of see invisible (right hand)
Wands
 m - a wand of random effects (8)
Scrolls
 c - 2 scrolls of fog
 e - 2 scrolls of fear
 h - 2 scrolls of immolation
 i - a scroll of teleportation {unknown}
 r - 2 scrolls of remove curse {@r2}
 s - 3 scrolls of identify {@r1}
 A - a scroll of noise {unknown}
Potions
 f - a potion of haste {@q4}
 j - 3 potions of curing {@q1}
 l - 2 potions of resistance {unknown}
 o - a potion of heal wounds {unknown}
 p - a potion of lignification {unknown}
 q - a potion of degeneration {unknown}
 t - a potion of cancellation {unknown}
 u - 2 potions of brilliance {unknown}
 w - a potion of ambrosia {unknown}


   Skills:
 - Level 2.7 Fighting
 + Level 8.5 Axes
 - Level 2.2 Dodging
 - Level 6.0 Stealth
 + Level 3.8 Spellcasting


You had 13 spell levels left.
You didn't know any spells.
Your spell library was empty.

Dungeon Overview and Level Annotations

Branches:
Dungeon (7/15)             Temple (1/1) D:4         Ossuary (visited)

Altars:
Ashenzari
Cheibriados
Elyvilon
Gozag
Hepliaklqana
Kikubaaqudgha
Okawaru
Ru
Uskayaw
Vehumet
Yredelemnul
Zin
Lugonu

Annotations:
D:6 3 runed translucent doors
D:7 1 transporter


Innate Abilities, Weirdness & Mutations

You are resistant to damage.
You can heal yourself by infusing magical energy.
You passively map a small area around you.
You cannot read scrolls while threatened.
You do not regenerate.


Message History

B - the +5 whip "Asimocwe" (weapon)
{vorpal, Str+6 Int+2 Dex-3}
There is a stone staircase leading down here.
You climb downwards.
Level annotation: 2 transporters
There is a stone staircase leading up, spattered with blood here.
You open the door.
Found a spear.
There is an open door here.
You open the door.
There is an open door here.
There is an open door here.
Evoke which item? (* to show all) (? for menu, Esc to quit)
Aiming: Dig
Press: ? - help, Shift-Dir - straight line A rock wall.
The rock shatters into small pieces.
The now-empty wand crumbles to dust.
Found a stone staircase leading down.
There is a stone staircase leading down here.
You open the door.
An ufetubus comes into view.
The ufetubus shouts!
Found 16 arrows.
There is an open door here.
The ufetubus closely misses you.
The ufetubus hits you but does no damage.
You hit the ufetubus.
You kill the ufetubus!
No target in view!
The red ugly thing gurgles horribly!
Found 15 gold pieces, a chain mail and a runed demon whip.
The cyan ugly thing gurgles horribly!
Okay, then.
Press: ? - help, v - describe, . - travel
Here: a small abomination (fire blocked by a translucent stone wall)
The floor.
There is an open door here.
There is a stone staircase leading down here.
There is a transporter here.
There is a transporter here.
You enter the transporter and appear at another place.
The unseen horror hits you but does no damage.
The unseen horror completely misses you.
The unseen horror hits you but does no damage.
The small abomination barely misses you.
The unseen horror barely misses you.
The unseen horror hits you but does no damage. x2
The small abomination hits you! The unseen horror barely misses you.
The unseen horror hits you. The unseen horror barely misses you.
The unseen horror hits you but does no damage.
You see here a chain mail.
As you read the scroll of fear, it crumbles to dust.
You assume a fearsome visage.
The small abomination is unaffected.
The unseen horror looks frightened!
The small abomination is unaffected.
The cyan ugly thing easily resists.
The small abomination is unaffected.
The red ugly thing looks frightened!
The small abomination is unaffected.
The green ugly thing looks frightened!
The small abomination is unaffected.
The small abomination barely misses you.
Cornered, the unseen horror turns to fight!
The small abomination hits you.
You see here a runed demon whip.
Okay, then.
As you read the scroll labelled SOL FURCHEGOHE, it crumbles to dust.
You feel blessed for a moment.
It was a scroll of remove curse.
The small abomination is stunned by your conviction and fails to attack.
The small abomination closely misses you.
Blink to where?
Press: ? - help, Dir - move target, f - you Are you sure you want to cancel this blink?
Okay, then.
As you read the scroll labelled FOOJAO INIOBU, it crumbles to dust.
It was a scroll of blinking.
The small abomination hits you but does no damage.
The small abomination hits you!
You feel threatened and lose the ability to read scrolls!
The small abomination hits you!
The small abomination closely misses you.
Okay, then.
You feel much better.
The red ugly thing seems to regain its courage.
The small abomination barely misses you.
The small abomination hits you.
The small abomination closely misses you.
The small abomination hits you!
You feel much better.
The small abomination hits you but does no damage.
The small abomination is stunned by your conviction and fails to attack.
The small abomination hits you. x2
g - a runed demon whip The small abomination barely misses you. x2
The small abomination hits you!
You feel magic leave you.
g - a +0 antimagic demon whip (weapon)
The small abomination hits you!
* * * LOW HITPOINT WARNING * * *
The small abomination hits you!
* * * LOW HITPOINT WARNING * * *
The small abomination hits you. The cyan ugly thing barely misses you.
The small abomination hits you!
You die...

#..........# #... ,
,#..........# #...
#..........# #... ,
,#..........#########...
#........###..#........ ,
+........'>............
#........#....#........
#....#####....####..... ,
,#.(.##@.##...##?.##....
, #...#xxu##...###..#....
* ,
#...#.uxx#####$...#....
#...###xu.###...###.... *
#....###.x.....###.#... ,
, #......##.....##...#...
, ###....©#©._..#©.......
,,#......##.....##.......
* ,
+....###.......###.#...


You could see 3 ugly things, an unseen horror (invisible) and 5 small
abominations.

Vanquished Creatures
  An orc warrior (D:6)
  3 ogres
  2 bullfrogs
  A troll zombie (Ossuary)
  2 orc priests (D:6)
  3 orc wizards
  2 worker ants
  3 ogre zombies (Ossuary)
  7 mummies
  4 adders
  A shadow imp (D:6)
  An ufetubus (D:7)
  2 adder zombies (Ossuary)
  An adder skeleton (D:4)
  A dart slug (D:4)
  9 orcs
  2 quokkas (D:4)
  A frilled lizard (D:4)
  A gnoll zombie (Ossuary)
  3 goblin zombies (Ossuary)
  A hobgoblin zombie (Ossuary)
  7 kobold zombies
  A quokka zombie (Ossuary)
  2 rat zombies (Ossuary)
61 creatures vanquished.

Notes
Turn   | Place    | Note
-------+----------+-------------------------------------------
     0 | D:5      | EnegeticOcto the Deep Dwarf Delver began the quest for the
                  | Orb.
     0 | D:5      | Reached XP level 1. HP: 20/20 MP: 1/1
    56 | D:4      | Found a staircase to the Ecumenical Temple.
    58 | D:4      | Noticed an ogre
    61 | D:4      | Noticed an orc wizard
    63 | D:4      | Noticed a worker ant
    75 | D:4      | Killed a worker ant
    76 | D:4      | Reached skill level 3 in Axes
    76 | D:4      | Reached XP level 2. HP: 14/27 MP: 2/2
    98 | D:4      | Killed an ogre
    99 | D:4      | Reached skill level 5 in Axes
    99 | D:4      | Reached XP level 3. HP: 4/33 MP: 1/1
    99 | D:4      | Reached XP level 4. HP: 5/40 MP: 2/2
   136 | D:4      | Reached XP level 5. HP: 27/46 MP: 3/3
   162 | Temple   | Entered the Ecumenical Temple
   166 | Temple   | Became a worshipper of Ru the Awakened
   222 | D:5      | Noticed an ogre
   234 | D:5      | Killed an ogre
   235 | D:5      | Reached skill level 6 in Axes
   277 | D:5      | Found an opulent altar of Gozag.
   278 | D:5      | Found a radiant altar of Vehumet.
   419 | D:5      | Found a broken altar of Ashenzari.
   419 | D:5      | Noticed an ogre
   436 | D:5      | Killed an ogre
   437 | D:5      | Reached skill level 1 in Spellcasting
   437 | D:5      | Reached XP level 6. HP: 28/55 MP: 2/4
   471 | D:5      | Found a sand-covered staircase.
   478 | D:5      | Reached skill level 7 in Axes
   480 | Ossuary  | Entered an ossuary
   740 | Ossuary  | Reached XP level 7. HP: 18/61 MP: 3/3
   941 | D:6      | Reached skill level 8 in Axes
   990 | D:6      | Found an iron altar of Okawaru.
  1028 | D:6      | Found a runed translucent gate.
  1028 | D:6      | Found a runed translucent gate.
  1028 | D:6      | Found a runed translucent gate.
  1033 | D:6      | Gained mutation: You cannot read scrolls while threatened.
                  | [Ru sacrifice]
  1033 | D:6      | Reached * piety under Ru
  1143 | D:7      | Found a transporter.
  1146 | D:7      | Found a transporter.
  1146 | D:7      | Noticed a cyan ugly thing
  1146 | D:7      | Noticed a green ugly thing
  1146 | D:7      | Noticed a small abomination
  1148 | D:7      | Found a corrupted altar of Lugonu.
  1148 | D:7      | Noticed a red ugly thing
  1226 | D:6      | Got a pitted whip
  1226 | D:6      | Identified the +5 whip "Asimocwe" {vorpal, Str+6 Int+2
                  | Dex-3} (You found it on level 6 of the Dungeon)
  1300 | D:7      | Noticed an unseen horror
  1365 | D:7      | Mangled by a small abomination

Illustrated notes

Levels and vault maps discovered:
D:4:      layout_loops_ring, led_xom_imps, minmay_temple_entry_purple_smoke
D:5:      layout_loops_ring, ashenzari_conservatory_becter,
          gammafunk_temple_overflow_statue, nicolae_ossuary_entry_giza
D:6:      layout_layer_cave, nzn_overflow_gifts_of_might_and_magic,
          pdpol_wu_jian_five_deadly_venoms, gammafunk_ghost_icy,
          hangedman_decor_diamond_cutter, okawaru_gym_becter
D:7:      gammafunk_corrupted_shrine, layout_gridville, makhleb_heckhound_becter
Temple:   nicolae_temple_x_marks_the_god

Skill      XL: |  1  2  3  4  5  6  7 |
---------------+----------------------+-----
Axes           | 3 5 6 7 8 |  8.5
Spellcasting   | 1 2 3 |  3.8
Fighting       | |  2.7
Dodging        | |  2.2
Stealth        | |  6.0

Action                   |  1- 3 |  4- 6 |  7- 9 || total
-------------------------+-------+-------+-------++-------
Melee: Hand axe          |    30 |    90 |   102 ||   222
       Great sword       |       |    64 |       ||    64
       Whip              |       |       |     1 ||     1
Invok: Sacrifice Words   |       |       |     1 ||     1
 Abil: Heal Wounds       |     2 |    18 |     6 ||    26
Evoke: Wand              |     1 |     1 |     3 ||     5
  Use: Scroll            |     1 |     1 |     4 ||     6
       Potion            |     1 |       |       ||     1
 Stab: Sleeping          |       |     6 |       ||     6
       Paralysed         |       |       |     7 ||     7
Armor: Leather armour    |     2 |     5 |       ||     7
       Ring mail         |       |    42 |    20 ||    62
       Chain mail        |       |       |    37 ||    37
Dodge: Dodged            |    17 |   108 |    73 ||   198
       Rpst.: Great sword |       |    14 |       ||    14
